cohdb
Replays
Latest Replays
All Replays
Popular Replays
Top Player Replays
Match Explorer
How It Works
Community
CoH3 Stats
Reddit
Sign in to upload your games and track your stats! →
Sign in with Steam
Match 43601020
Unlisted
Match 43601020
Overview
Messages
Build Orders
End
Kradschützen Motorcycle Team
Panzergrenadier Squad
Selects Armored Support Battlegroup
Panzergrenadier Squad
Panzergrenadier Squad
Construct Light Support Kompanie
Fire Support Elements
Selects Superior Fire Drills
Flakvierling Half-track
Veteran Squad Leaders
Panzerjäger Mechanized Group
2.5-tonne Medical Truck
Vehicle Survival Package
Selects Salvage Kits
Selects Panzer Storm
Combat Half-tracks
Construct Panzerarmee Kommand
Panzer III L Medium Tank
Emergency Repair Kits
Panzerjäger Squad
Walking Stuka Rocket Launcher
Selects Stuka Anti-tank Loiter
Panzer III L Medium Tank
Tungsten Core Ammunition
solowolf
BMon
ConcernedApe
badiba
0
0
Comments
sign in to comment!
No comments posted yet!